 Dungeon Crawl Stone Soup version 0.19-a0-835-gf140595 (webtiles) character file.

17 Implojin the Slasher (level 2, -3/26 HPs)
             Began as a Minotaur Fighter on June 30, 2016.
             Slain by a worm (8 damage)
             ... on level 2 of the Dungeon.
             The game lasted 00:01:12 (243 turns).

Implojin the Slasher (Minotaur Fighter)              Turns: 243, Time: 00:01:12

Health: -3/26      AC:  6    Str: 20    XL:     2   Next: 44%
Magic:  1/1        EV:  7    Int:  5    God:
Gold:   16         SH:  9    Dex:  9    Spells: 0 memorised, 1 level left

rFire  . . .     SeeInvis .     a - +0 long sword
rCold  . . .     Gourm    .     b - +0 scale mail
rNeg   . . .     Faith    .     c - +0 shield
rPois  +         Spirit   .     (helmet restricted)
rElec  .         Dismiss  .     (no cloak)
rCorr  .         Reflect  .     (no gloves)
SustAt .         Harm     .     (no boots)
MR     .....                    e - amulet of inaccuracy (curse)
Stlth  ..........               (no ring)
                                j - ring of poison resistance

@: not resistant to hostile enchantments, extremely unstealthy
A: retaliatory headbutt, horns 2
a: no special abilities


You were on level 2 of the Dungeon.
You were not hungry.

You visited 1 branch of the dungeon, and saw 2 of its levels.

You collected 16 gold pieces.

Inventory:

Hand Weapons
 a - a +0 long sword (weapon)
Armour
 b - a +0 scale mail (worn)
 c - a +0 shield (worn)
Jewellery
 e - a cursed amulet of inaccuracy (around neck)
 g - a +5 ring of protection {unknown}
 j - a ring of poison resistance (left hand)
Potions
 i - a potion of ambrosia {unknown}
Comestibles
 d - a chunk of flesh
 f - a bread ration


   Skills:
 - Level 3.6 Fighting
 * Level 3.8 Long Blades
 - Level 3.6 Armour
 - Level 3.6 Shields


You had one spell level left.
You didn't know any spells.

Dungeon Overview and Level Annotations

Branches:
Dungeon (2/15)

Altars:


Innate Abilities, Weirdness & Mutations

You reflexively headbutt those who attack you in melee.
You have a pair of horns on your head.


Message History

Your +0 scale mail unmelds from your body.
Found a leather armour.
You see here an adder corpse.
You butcher the adder corpse.
d - a chunk of flesh Unknown command.
Found a twisted iron ring.
You start resting.
You feel a little less mighty now.
You see here a leather armour.
Found 16 gold pieces.
g - a twisted iron ring A rat comes into view.
You see here 16 gold pieces.
You see here 16 gold pieces.
You now have 16 gold pieces.
You enter a teleport trap!
The teleport trap disappears.
Your surroundings suddenly seem different.
Found 4 arrows.
Found 17 gold pieces.
A kobold comes into view. It is wielding a dagger.
The kobold shouts!
The kobold throws a stone.
The stone hits you.
* * * LOW HITPOINT WARNING * * *
Found a whip.
You see here a stone.
You hit the kobold.
You kill the kobold!
Things that are here:
a dagger; 4 stones You see here a whip.
A worm comes into view.
The worm bites you.
* * * LOW HITPOINT WARNING * * *
You hit the worm.
The worm is lightly wounded.
You barely miss the worm. You headbutt the worm!
The worm is severely wounded.
The worm bites you!
You die...

#####)# #.
# #.#.# #.
# #.#.# #.
# #.#.#
#.## #.#.#
#... #.#.#
#### #.#.#
######.#.#
######
........@.#
......
#######w###
###### #.#
#.# #.# ...
#.# #. # #


You could see a worm.

Vanquished Creatures
  An adder (D:2)
  A giant cockroach (D:1)
  2 goblins
  A hobgoblin (D:1)
  A kobold (D:2)
  A rat (D:1)
7 creatures vanquished.

Notes
Turn   | Place    | Note
--------------------------------------------------------------
     0 | D:1      | Implojin the Minotaur Fighter began the quest for the Orb.
     0 | D:1      | Reached XP level 1. HP: 19/19 MP: 0/0
    60 | D:1      | Reached skill level 3 in Long Blades
   148 | D:2      | Reached XP level 2. HP: 4/26 MP: 1/1
   243 | D:2      | Slain by a worm

Vault maps used:
D:1:      lightli_iron_boxes, serial_forest, infiniplex_forest_clump_tiny,
          infiniplex_forest_straight_4, infiniplex_forest_zigzag_1,
          infiniplex_forest_clump_medium, infiniplex_forest_straight_2,
          infiniplex_forest_lined_4_way, infiniplex_forest_lined_2,
          infiniplex_forest_lined_room_2, infiniplex_forest_straight_2,
          infiniplex_forest_straight_3, xom_teletrap_fun
D:2:      first_bread, kennysheep_generic_room_16

Skill      XL: |  1 |
---------------+----+-----
Long Blades    | 3 |  3.8
Fighting       | |  3.6
Armour         | |  3.6
Shields        | |  3.6

Action                   || total
-------------------------++-------
Melee: Long sword        ||    43
       Headbutt          ||     3
  Use: Scroll            ||     2
       Potion            ||     2
Armor: Skin              ||    12
       Scale mail        ||     7
Dodge: Dodged            ||     7
Block: Shield            ||    21

Table legend:
 A = Turns spent in this place as a percentage of turns spent in the entire game.
 B = Non-inter-level travel turns spent in this place as a percentage of non-inter-level travel turns spent in the entire game.
 C = Inter-level travel turns spent in this place as a percentage of turns spent in this place.
 D = Turns resting spent in this place as a percentage of non-inter-level travel turns spent in this place.
 E = Turns spent auto-exploring this place as a percentage of non-inter-level travel turns spent in this place.
 F = Non-inter-level travel turns spent in this place divided by the number of levels of this place that you've seen.
                   A       B       C       D       E      F
               +-------+-------+-------+-------+-------+----------------------
         Total | 100.0 | 100.0 |   0.0 |   2.6 |   0.0 |  98.0
       Dungeon | 100.0 | 100.0 |   0.0 |   2.6 |   0.0 |  98.0
               +-------+-------+-------+-------+-------+----------------------

Table legend:
 A = Kills in this place as a percentage of kills in entire the game.
 B = Kills by you in this place as a percentage of kills by you in the entire game.
 C = Kills by friends in this place as a percentage of kills by friends in the entire game.
 D = Other kills in this place as a percentage of other kills in the entire game.
 E = Experience gained in this place as a percentage of experience gained in the entire game.
 F = Experience gained in this place divided by the number of levels of this place that you have seen.
                   A       B       C       D       E      F
               +-------+-------+-------+-------+-------+----------------------
         Total | 100.0 | 100.0 |  -nan |  -nan | 100.0 |  12.5
       Dungeon | 100.0 | 100.0 |  -nan |  -nan | 100.0 |  12.5
               +-------+-------+-------+-------+-------+----------------------
